 Dungeon Crawl Stone Soup version 0.26-a0-540-g8a0c9464d7 (webtiles) character file.

Game seed: 4315879361230525392

2427 Inarius the Cleaver (level 9, -11/72 HPs)
             Began as a Ghoul Gladiator on Aug 23, 2020.
             Was a Believer of Okawaru.
             Mangled by a two-headed ogre
             ... wielding a +0 giant spiked club
              (24 damage)
             ... on level 8 of the Dungeon.
             The game lasted 00:12:52 (8603 turns).

Inarius the Cleaver (Ghoul Gladiator)               Turns: 8603, Time: 00:12:53

Health: -11/72     AC: 16    Str: 26    XL:     9   Next: 48%
Magic:  8/8        EV:  8    Int:  4    God:    Okawaru [**....]
Gold:   133        SH:  0    Dex: 10    Spells: 8/8 levels left

rFire    . . .     SeeInvis .   a - +0 war axe
rCold    + . .     Faith    +   (no shield)
rNeg     + + +     Spirit   .   v - +0 plate armour
rPois    ∞         Reflect  .   c - +0 helmet
rElec    .         Harm     .   s - scarf {repulsion}
rCorr    .                      E - +0 pair of gloves (curse)
MR       +....                  h - +0 pair of boots
Stlth    ..........             F - amulet of faith
HPRegen  0.00/turn              I - +6 ring of strength
MPRegen  0.11/turn              r - ring of protection from magic

@: repel missiles
A: rotting body, claws 1, cold resistance 1, negative energy resistance 3,
inhibited regeneration, torment resistance, unbreathing
a: Heroism, Renounce Religion


You were on level 8 of the Dungeon.
You worshipped Okawaru.
Okawaru was pleased with you.
You visited 2 branches of the dungeon, and saw 9 of its levels.
You also visited: Ossuary.

You collected 543 gold pieces.
You spent 410 gold pieces at shops.

Inventory:

Hand Weapons
 a - a +0 war axe (weapon)
 j - the +0 trident "Semorphu" {freeze, rF+ rC+ rN+}
   (You found it on level 6 of the Dungeon)

   It has been specially enchanted to freeze those struck by it, causing extra
   injury to most foes and up to half again as much damage against particularly
   susceptible opponents.
   It can also slow down cold-blooded creatures.
   It protects you from fire.
   It protects you from cold.
   It protects you from negative energy.
Missiles
 d - 3 throwing nets (quivered)
Armour
 c - a +0 helmet (worn)
 h - a +0 pair of boots (worn)
 s - a scarf of repulsion (worn)
 v - a +0 plate armour (worn)
 E - a cursed +0 pair of gloves (worn)
 L - a +0 kite shield
 O - the +0 ring mail of Levity {MP+9 SInv}
   (You bought it in a shop on level 7 of the Dungeon)

   It affects your magic capacity (+9).
   It lets you see invisible.
Jewellery
 r - a ring of protection from magic (right hand)
 F - an amulet of faith (around neck)
 I - a +6 ring of strength (left hand)
Wands
 e - a wand of random effects (16)
 H - a wand of iceblast (10)
Scrolls
 k - 10 scrolls of remove curse
 l - a scroll of immolation
 m - 5 scrolls of enchant weapon
 n - 2 scrolls of enchant armour
 o - 3 scrolls of teleportation
 p - a scroll of holy word {unknown}
 q - 2 scrolls of blinking
 w - a scroll of fog {unknown}
 x - 2 scrolls of fear
 y - a scroll of random uselessness {unknown}
 C - 2 scrolls of summoning
 D - 3 scrolls of vulnerability
 J - a scroll of silence
 M - a scroll of noise {unknown}
 N - a scroll of identify
Potions
 b - 2 potions of mutation {unknown}
 f - 2 potions of magic
 g - 3 potions of might
 i - 5 potions of curing
 t - 3 potions of stabbing
 u - 6 potions of heal wounds
 z - 2 potions of brilliance
 A - 2 potions of resistance
 B - a potion of haste {unknown}
Miscellaneous
 K - a phial of floods (inert)


   Skills:
 + Level 4.7 Fighting
 * Level 9.5 Axes
 - Level 1.7 Throwing
 * Level 5.4 Armour
 - Level 2.6 Dodging
 * Level 1.4 Shields
 + Level 0.1 Evocations


You had 8 spell levels left.
You didn't know any spells.
Your spell library was empty.

Dungeon Overview and Level Annotations

Branches:
Dungeon (8/15)             Temple (1/1) D:6         Ossuary (visited)
   Lair: D:8-11

Altars:
Ashenzari
Cheibriados
Dithmenos
Elyvilon
Fedhas
Gozag
Hepliaklqana
Kikubaaqudgha
Makhleb
Nemelex Xobeh
Okawaru
Qazlal
Ru
Sif Muna
Trog
Uskayaw
Wu Jian
Xom
Yredelemnul
Zin
The Shining One

Shops:
D:5 ?   D:7 [[:(:

Annotations:
D:3 3 runed translucent doors, 2 transporters, erdraug's ghost, amateur TeAE
D:5 2 transporters


Innate Abilities, Weirdness & Mutations

Your body is rotting away.
You thrive by killing the living.
You are immune to poison.
You have sharp fingernails.
Your flesh is cold resistant. (rC+)
You are immune to negative energy. (rN+++)
You do not regenerate when monsters are visible.
You are immune to unholy pain and torment.
You can survive without breathing.


Message History

You are too injured to fight recklessly!
You are too injured to fight recklessly!
You are too injured to fight recklessly!
You are too injured to fight recklessly!
You are too injured to fight recklessly!
You are too injured to fight recklessly!
You are too injured to fight recklessly!
You are too injured to fight recklessly!
You are too injured to fight recklessly!
You hit the two-headed ogre.
The two-headed ogre is severely wounded.
You hit the two-headed ogre.
The two-headed ogre is almost dead.
The two-headed ogre hits you but does no damage.
The two-headed ogre hits you with a +0 giant club!
* * * LOW HITPOINT WARNING * * *
You barely miss the two-headed ogre.
The two-headed ogre is almost dead.
The two-headed ogre hits you with a +0 giant spiked club!!
You die...

#.....# #...'.'...#
###.#.#.# #.###.###.#
#.......# #.# #.# #.#
#.....#.###'###.###'###
#.......+.............+
#.....#.###'###.###'###
#.....#.# #.# #.# #.#
###.#.#.#.# #.###.###.#
<.....#.#.# #...@.'...#
###.###.#.# #####O#####
#.#...# #.#
#.#.###.#######'######
#.#(# #................
#.#.# ###.#.###########
#.#†## #.#.#
#....####.#.#
#...........#


You could see a two-headed ogre.

Vanquished Creatures
  A cyclops (D:7)
  A wraith (Ossuary)
  5 phantoms
  A black bear (D:6)
  2 centaurs (D:5)
  An ogre (D:4)
  An elf zombie (Ossuary)
  Blork the orc (D:6)
  A wyvern skeleton (D:7)
  2 scorpions
  A howler monkey (D:7)
  A bullfrog zombie (D:7)
  2 quasits
  2 jellies
  An orc priest (D:5)
  A centaur skeleton (D:4)
  An iguana (D:6)
  4 orc wizards
  3 worker ants (D:6)
  A hound zombie (D:5)
  A hound skeleton (D:5)
  3 mummies (Ossuary)
  A worker ant zombie (D:5)
  14 adders
  A howler monkey skeleton (D:4)
  A shadow imp (D:5)
  An ufetubus (D:6)
  4 oozes (D:1)
  4 worms
  3 dart slugs
  10 leopard geckos
  16 orcs
  5 bats
  11 giant cockroaches
  A gnoll zombie (Ossuary)
  8 goblins
  6 hobgoblins
  6 jackals
  4 quokkas
  5 ball pythons
  3 frilled lizards
  6 goblin zombies (Ossuary)
  A jackal zombie (D:5)
  7 kobolds
  3 kobold zombies (Ossuary)
  A quokka skeleton (D:5)
  10 rats
169 creatures vanquished.

Notes
Turn   | Place    | Note
-------+----------+-------------------------------------------
     0 | D:1      | Inarius the Ghoul Gladiator began the quest for the Orb.
     0 | D:1      | Reached XP level 1. HP: 17/17 MP: 0/0
     0 | D:1      | Noticed a jelly
     1 | D:1      | Found a runed translucent door.
    14 | D:1      | Reached skill level 3 in Axes
    16 | D:1      | Reached XP level 2. HP: 21/24 MP: 1/1
    24 | D:2      | Reached XP level 3. HP: 7/30 MP: 2/2
   266 | D:1      | Reached skill level 1 in Armour
   399 | D:1      | Reached XP level 4. HP: 36/37 MP: 3/3
   487 | D:1      | Reached skill level 4 in Axes
  1133 | D:2      | Reached XP level 5. HP: 34/42 MP: 4/4
  1959 | D:3      | Found an ancient bone altar of Kikubaaqudgha.
  2191 | D:3      | Found a runed translucent gate.
  2191 | D:3      | Found a runed translucent gate.
  2191 | D:3      | Found a runed translucent gate.
  2247 | D:3      | Found a transporter.
  2251 | D:3      | Found a transporter.
  2315 | D:3      | Found a snail-covered altar of Cheibriados.
  2421 | D:3      | Noticed erdraug's ghost (amateur TeAE)
  2672 | D:3      | Reached skill level 5 in Axes
  3051 | D:4      | Noticed a phantom
  3062 | D:4      | Reached XP level 6. HP: 42/50 MP: 5/5
  3306 | D:4      | Noticed a phantom
  3406 | D:4      | Killed a phantom
  3724 | D:4      | Reached skill level 6 in Axes
  3724 | D:4      | Reached XP level 7. HP: 21/57 MP: 6/6
  4582 | D:5      | Entered Level 5 of the Dungeon
  4582 | D:5      | Found Soenetu's Magic Scroll Emporium.
  4607 | D:5      | Bought a scroll of identify for 28 gold pieces
  4613 | D:5      | Bought a scroll of teleportation for 42 gold pieces
  4613 | D:5      | Bought a scroll of identify for 28 gold pieces
  4613 | D:5      | Bought a scroll of identify for 28 gold pieces
  4613 | D:5      | Bought a scroll of identify for 28 gold pieces
  4613 | D:5      | Bought a scroll of fear for 49 gold pieces
  4692 | D:5      | Found a sand-covered staircase.
  4732 | Ossuary  | Entered an ossuary
  4732 | Ossuary  | Noticed a wraith
  4732 | Ossuary  | Noticed a wraith
  4732 | Ossuary  | Noticed a wraith
  5073 | Ossuary  | Noticed a wraith
  5090 | Ossuary  | Killed a wraith
  5090 | Ossuary  | Reached skill level 7 in Axes
  5090 | Ossuary  | Reached XP level 8. HP: 14/64 MP: 7/7
  5575 | D:5      | Found a transporter.
  5587 | D:5      | Found a transporter.
  5979 | D:5      | Reached skill level 8 in Axes
  6503 | D:6      | Found a staircase to the Ecumenical Temple.
  6510 | Temple   | Entered the Ecumenical Temple
  6656 | Temple   | Became a worshipper of Warmaster Okawaru
  6728 | D:6      | Reached XP level 9. HP: 70/72 MP: 8/8
  6802 | D:6      | Got a fine trident
  6803 | D:6      | Identified the +0 trident "Semorphu" {freeze, rF+ rC+ rN+}
                  | (You found it on level 6 of the Dungeon)
  6872 | D:6      | Reached skill level 5 in Armour
  6941 | D:6      | Noticed Blork the orc
  6957 | D:6      | Killed Blork the orc
  6959 | D:6      | Reached skill level 9 in Axes
  7168 | D:7      | Found Uwueceagg's Book Shop.
  7316 | D:7      | Found Peizy's Armour Boutique.
  7434 | D:7      | Found Zecuollao's Book Shop.
  7445 | D:7      | Found a sparkling altar of Nemelex Xobeh.
  7459 | D:7      | Found Cuapneag's Weapon Shop.
  7459 | D:7      | Noticed a cyclops
  7787 | D:7      | Killed a cyclops
  7787 | D:7      | Reached * piety under Okawaru
  8126 | D:7      | Reached ** piety under Okawaru
  8160 | D:7      | Reached skill level 1 in Shields
  8195 | D:7      | Found Ycim's Antique Armour Boutique.
  8203 | D:7      | Bought a heavily runed ring mail for 207 gold pieces
  8213 | D:7      | Identified the +0 ring mail of Levity {MP+9 SInv} (You
                  | bought it in a shop on level 7 of the Dungeon)
  8592 | D:8      | Noticed a two-headed ogre
  8603 | D:8      | Mangled by a two-headed ogre

Illustrated notes

Levels and vault maps discovered:
D:1:      dpeg_arrival_caged_fury, layout_basic
D:2:      layout_basic
D:3:      layout_basic, gammafunk_temple_overflow_arena, lemuel_doored_altar,
          gammafunk_ghost_icy
D:4:      layout_cave_pools, minmay_vboxes
D:5:      gammafunk_wand_slinger, layout_rooms, serial_shops, shop,
          enter_ossuary_5
D:6:      layout_rooms, temple_green, minivault_10, uniq_blork_the_orc
D:7:      layout_basic, nicolae_overflow_hidden_temple, serial_shops, shop,
          nicolae_shop_trees, shop, nicolae_shop_temple_entry_statues_fountains,
          nicolae_shop_waterfront
D:8:      layout_loops_ring, minmay_door_square, elyvilon_altar_3
Temple:   regret_index_temple_mists

Skill      XL: |  1  2  3  4  5  6  7  8  9 |
---------------+----------------------------+-----
Axes           | 3 4 5 6 7 8 9 |  9.5
Armour         | 1 2 3 4 5 |  5.4
Fighting       | 3 4 |  4.7
Shields        | 1 |  1.4
Throwing       | |  1.7
Dodging        | |  2.6
Evocations     | |  0.1

Action                   |  1- 3 |  4- 6 |  7- 9 || total
-------------------------+-------+-------+-------++-------
Melee: War axe           |    40 |   283 |   390 ||   713
Throw: Throwing net      |       |     3 |       ||     3
Evoke: Wand              |       |       |     2 ||     2
       Phial of floods   |       |       |     1 ||     1
  Use: Scroll            |       |     1 |    20 ||    21
       Potion            |       |       |     1 ||     1
 Stab: Sleeping          |       |     6 |       ||     6
Armor: Leather armour    |    16 |    67 |       ||    83
       Scale mail        |       |    81 |    50 ||   131
       Plate armour      |       |       |   235 ||   235
Dodge: Dodged            |    36 |   214 |   152 ||   402
       Repelled          |       |     1 |       ||     1

Table legend: (Time is in decaauts)
 A = Elapsed time spent in this place.
 B = Non-inter-level travel time spent in this place.
 C = Inter-level travel time spent in this place.
 D = Time resting spent in this place.
 E = Time spent auto-exploring this place.
 F = Levels seen in this place.
 G = Mean time per level.
                   A        B        C        D        E       F      G
               +--------+--------+--------+--------+--------+-----+--------+
         Total |   8808 |   8496 |    312 |   1723 |   4750 |  10 |  880.8 |
       Dungeon |   7816 |   7504 |    312 |   1617 |   4137 |   8 |  977.0 |
        Temple |    217 |    217 |      0 |      0 |    165 |   1 |  217.0 |
       Ossuary |    775 |    775 |      0 |    106 |    448 |   1 |  775.0 |
               +--------+--------+--------+--------+--------+-----+--------+

Top non-repeatable levels by time:
     D:3: 1511 daAuts
     D:4: 1348 daAuts
     D:7: 1301 daAuts
     D:5: 957 daAuts
     D:2: 946 daAuts
     D:1: 879 daAuts
 Ossuary: 775 daAuts
     D:6: 737 daAuts
  Temple: 217 daAuts
     D:8: 133 daAuts
